 Dungeon Crawl Stone Soup version 0.22.1-2-g9c5b331 (webtiles) character file.

77 tamerofbeasts the Skirmisher (level 4, -1/39 HPs)
             Began as a Centaur Fighter on Nov 12, 2018.
             Slain by a gnoll
             ... wielding a +0 halberd
              (13 damage)
             ... on level 2 of the Dungeon on Nov 20, 2018.
             The game lasted 00:02:37 (1098 turns).

tamerofbeasts the Skirmisher (Centaur Fighter)      Turns: 1098, Time: 00:02:38

Health: -1/39      AC:  6    Str: 18    XL:     4   Next: 14%
Magic:  4/4        EV:  5    Int:  8    God:
Gold:   34         SH:  8    Dex:  9    Spells: 3/3 levels left

rFire    . . .     SeeInvis .   a - +0 war axe
rCold    . . .     Gourm    .   c - +0 shield
rNeg     . . .     Faith    .   b - +0 scale mail
rPois    .         Spirit   .   (no helmet)
rElec    .         Reflect  .   (no cloak)
rCorr    .         Harm     .   (no gloves)
MR       .....                  (no barding)
Stlth    ..........             (no amulet)
HPRegen  0.13/turn              (no ring)
MPRegen  0.09/turn              (no ring)

@: very quick
A: large, hooves 3, deformed body, speed 2, tough skin 3
a: no special abilities


You were on level 2 of the Dungeon.
You were not hungry.

You visited 1 branch of the dungeon, and saw 2 of its levels.

You collected 34 gold pieces.

Inventory:

Hand Weapons
 a - a +0 war axe (weapon)
Armour
 b - a +0 scale mail (worn)
 c - a +0 shield (worn)
Scrolls
 k - a scroll of noise {unknown}
 n - a scroll of blinking {unknown}
Potions
 d - 2 potions of might
 e - a potion of degeneration {unknown}
 g - a potion of heal wounds {unknown}
 h - a potion of ambrosia {unknown}
 i - a potion of haste {unknown}
 j - a potion of mutation {unknown}
 l - a potion of flight {unknown}
 m - a potion of curing {unknown}
Comestibles
 f - 2 rations


   Skills:
 + Level 3.6 Fighting
 + Level 2.4 Axes
 + Level 2.7 Armour
 + Level 0.3 Dodging
 + Level 2.4 Shields


You had 3 spell levels left.
You didn't know any spells.
Your spell library was empty.

Dungeon Overview and Level Annotations

Branches:
Dungeon (2/15)

Altars:
Ashenzari


Innate Abilities, Weirdness & Mutations

You have hooves in place of feet.
Armour fits poorly on your strangely shaped body.
You cover ground very quickly.
You have extremely tough skin. (AC +3)


Message History

The gnoll is almost dead.
You barely miss the ball python. You closely miss the gnoll.
The ball python barely misses you. The gnoll hits you with a flail.
The gnoll barely misses you.
The ball python bites you but does no damage.
The gnoll hits you with a flail. x2
You hit the gnoll.
You kill the gnoll!
You hit the gnoll. You barely miss the ball python.
You completely miss the gnoll. You block the gnoll's attack.
The ball python bites you but does no damage.
The gnoll hits you but does no damage. The gnoll hits you with a flail.
The ball python bites you but does no damage.
You block the gnoll's attack. The gnoll closely misses you.
You block the gnoll's attack. The ball python bites you.
Things that are here:
a flail; a gnoll corpse The gnoll hits you with a halberd!
You die...

##### #.... #########
#....##...#...########
#....#...............#
#.....gS.(......###.##
#..(.@).........# #.##
#....gg.........# #.#.
#....#.........####...
#....##...#....###....
###.# #####.##.>#†..#.
#.# #.###....###
#.#######)######.#
#.##....#+#......#
######.##....#_#.....####


You could see 3 gnolls and a ball python.

Vanquished Creatures
  2 adders (D:2)
  A gnoll (D:2)
  An ooze (D:1)
  2 leopard geckos (D:1)
  5 bats (D:1)
  3 giant cockroaches (D:1)
  6 goblins
  5 hobgoblins (D:1)
  8 kobolds
  A frilled lizard (D:1)
  7 rats
41 creatures vanquished.

Notes
Turn   | Place    | Note
-------+----------+-------------------------------------------
     0 | D:1      | tamerofbeasts the Centaur Fighter began the quest for the
                  | Orb.
     0 | D:1      | Reached XP level 1. HP: 19/19 MP: 1/1
    58 | D:1      | Reached XP level 2. HP: 23/26 MP: 2/2
   385 | D:1      | Reached XP level 3. HP: 30/31 MP: 3/3
  1005 | D:2      | Found a shattered altar of Ashenzari.
  1071 | D:2      | Reached XP level 4. HP: 32/39 MP: 4/4
  1098 | D:2      | Slain by a gnoll

Skill      XL: |  1  2 |
---------------+-------+-----
Axes           | 2 |  2.4
Fighting       | |  3.6
Armour         | |  2.7
Dodging        | |  0.3
Shields        | |  2.4

Action                   |  1- 3 |  4- 6 || total
-------------------------+-------+-------++-------
Melee: War axe           |    97 |     3 ||   100
       Kick              |    11 |     1 ||    12
Armor: Scale mail        |    55 |     4 ||    59
Dodge: Dodged            |    29 |     5 ||    34
Block: Shield            |    50 |     6 ||    56
